 Dungeon Crawl Stone Soup version 0.29-a0-82-g837932c90e (webtiles) character file.

Game seed: 388928996461260458

147 lordive the Magician (level 5, -1/35 HPs)
             Began as a Djinni Conjurer on Feb 4, 2022.
             Slain by a wight (9 damage)
             ... on level 3 of the Dungeon.
             The game lasted 00:02:07 (2180 turns).

lordive the Magician (Djinni Conjurer)              Turns: 2180, Time: 00:02:07

Health: -1/35      AC:  3    Str:  6    XL:     5   Next: 54%
Gold:   148        EV: 11    Int: 21    God:
                   SH:  0    Dex: 12

rFire   + + .      SeeInvis .   (no weapon)
rCold   x . .      Faith    .   (no shield)
rNeg    . . .      Spirit   .   b - +0 leather armour
rPois   ∞          Reflect  .   (no helmet)
rElec   .          Harm     .   (no cloak)
rCorr   .          Rampage  .   (no gloves)
Will    .....                   (boots unavailable)
Stlth   ++........              (no amulet)
HPRegen 0.11/turn               (no ring)
MPRegen 0.00/turn               (no ring)

@: flying
A: sickness immunity, fire resistance 2, cold vulnerability 1, float, innate
caster, HP casting, extra vitality 1
a: no special abilities


You were on level 3 of the Dungeon.
You visited 1 branch of the dungeon, and saw 3 of its levels.

You collected 148 gold pieces.

Inventory:

Armour
 b - a +0 leather armour (worn)
Jewellery
 a - a +6 ring of intelligence
Scrolls
 c - a scroll of identify {unknown}
 e - 3 scrolls of vulnerability {unknown}
 g - a scroll of teleportation {unknown}
Potions
 d - 2 potions of flight {unknown}
 f - a potion of ambrosia {unknown}
 h - a potion of degeneration {unknown}


   Skills:
 + Level 1.6 Armour
 + Level 2.6 Dodging
 + Level 1.8 Stealth
 + Level 4.5 Spellcasting


You couldn't memorise any spells.
You knew the following spells:

 Your Spells              Type           Power      Damage    Failure   Level
a - Magic Dart            Conj           96%        1d7       2%          1
b - Searing Ray           Conj           48%        2d6       4%          2
c - Dazzling Flash        Conj/Hex       48%        N/A       8%          3
d - Fulminant Prism       Conj/Hex       12%        3d9       26%         4
e - Iskenderun's Mystic   Conj/Tloc      24%        2d7       26%         4
f - Slow                  Hex            96%        N/A       2%          1
g - Poisonous Vapours     Pois/Air       48%        N/A       4%          2
Your spell library was empty.

Dungeon Overview and Level Annotations

Branches:
Dungeon (3/15)

Altars:


Innate Abilities, Weirdness & Mutations

You are immune to sickness and miasma.
You are immune to poison.
Your flesh is very heat resistant. (rF++)
You are vulnerable to cold. (rC-)
You float through the air rather than walking.
You learn spells naturally, not from books.
Your magical power is your life essence.
You have superior vitality. (+4 MHP)


Message History

Unknown command.
Casting: Searing Ray (safe; 5% risk of failure)
Confirm with . or Enter, or press ? or * to list all spells.
Aiming: Searing Ray (safe; 5% risk of failure)
Press: ? - help, Shift-Dir - straight line, f - wight
Aim: a wight, wielding a +4 morningstar and wearing a +0 robe (almost destroyed, 78% to hit)
The searing ray hits the wight!
You destroy the wight!
The searing ray hits the wight.
The wight is heavily damaged.
The searing ray hits the adder.
The adder is moderately wounded. (Press . to maintain the ray.)
Your Armour skill increases to level 1!
The searing ray hits the wight but does no damage.
The wight is heavily damaged.
The searing ray misses the adder.
The wight hits you with a +6 falchion.
The searing ray hits the wight!
You destroy the wight!
The searing ray hits the adder!
You kill the adder!
The searing ray hits the wight but does no damage.
You have reached level 5!
The power to cast Poisonous Vapours wells up from within.
Spell assigned to 'g'.
The searing ray hits the wight.
The wight is lightly damaged.
* * * LOW HITPOINT WARNING * * *
You finish channelling your searing ray.
Casting: Searing Ray (safe; 4% risk of failure)
Confirm with . or Enter, or press ? or * to list all spells.
Aiming: Searing Ray (safe; 4% risk of failure)
Press: ? - help, Shift-Dir - straight line, f - wight
Aim: a wight, wielding a +4 falchion of freezing, wearing a +0 robe and carrying a wand of polymorph (14) (lightly damaged, 79% to hit)
The searing ray hits the wight!
The wight is heavily damaged. (Press . to maintain the ray.)
* * * LOW HITPOINT WARNING * * *
The wight hits you with a +4 falchion of freezing!
You die...

#. ####..####.... #.
#.....# #.... . #.##
#.....# #.... .z
#..###.....# ##### ...
#.........# ..z.
#........### .....
#............
......###............
......†.z@............
......#####+#....^....
##### ..........
.#....... . .......
...... ....


You could see a wight.

Vanquished Creatures
  2 wights (D:3)
  2 adders (D:3)
  A dart slug (D:2)
  6 bats
  3 endoplasms
  2 giant cockroaches (D:2)
  6 goblins
  3 hobgoblins
  A jackal (D:1)
  A quokka (D:1)
  5 ball pythons
  3 frilled lizards
  4 kobolds (D:1)
  3 rats
42 creatures vanquished.

Notes
Turn   | Place    | Note
-------+----------+-------------------------------------------
     0 | D:1      | lordive the Djinni Conjurer began the quest for the Orb.
     0 | D:1      | Reached XP level 1. HP: 15/15 MP: 0/0
   180 | D:1      | Reached XP level 2. HP: 11/21 MP: 0/0
   405 | D:1      | Found a faded altar of an unknown god.
  1157 | D:1      | Reached XP level 3. HP: 24/25 MP: 0/0
  1157 | D:1      | Learned a level 1 spell: Slow
  1995 | D:3      | Reached skill level 4 in Spellcasting
  2168 | D:3      | Noticed a wight
  2168 | D:3      | Noticed a wight
  2168 | D:3      | Noticed a wight
  2175 | D:3      | Reached XP level 4. HP: 25/31 MP: 0/0
  2177 | D:3      | Reached skill level 1 in Armour
  2179 | D:3      | Reached XP level 5. HP: 11/35 MP: 0/0
  2179 | D:3      | Learned a level 2 spell: Poisonous Vapours
  2180 | D:3      | Slain by a wight

Illustrated notes

Levels and vault maps discovered:
D:1:      erik_arrival_cave_to_civilisation [erik_arrival_cave_to_temple],
          layout_loops_ring, basic_ecumenical_altar
D:2:      layout_rooms, nrook_mini_vaults
D:3:      layout_basic, minmay_diced_spiral

Skill      XL: |  1  2  3  4 |
---------------+-------------+-----
Spellcasting   | 4 |  4.5
Armour         | 1 |  1.6
Dodging        | |  2.6
Stealth        | |  1.8

Action                   |  1- 3 |  4- 6 || total
-------------------------+-------+-------++-------
 Cast: Magic Dart        |    66 |       ||    66
       Searing Ray       |     2 |     2 ||     4
Armor: Leather armour    |     4 |       ||     4
Dodge: Dodged            |     6 |       ||     6

Table legend: (Time is in decaauts)
 A = Elapsed time spent in this place.
 B = Non-inter-level travel time spent in this place.
 C = Inter-level travel time spent in this place.
 D = Time resting spent in this place.
 E = Time spent auto-exploring this place.
 F = Levels seen in this place.
 G = Mean time per level.
                   A        B        C        D        E       F      G
               +--------+--------+--------+--------+--------+-----+--------+
         Total |   2179 |   2134 |     45 |      0 |   1971 |   3 |  726.3 |
       Dungeon |   2179 |   2134 |     45 |      0 |   1971 |   3 |  726.3 |
               +--------+--------+--------+--------+--------+-----+--------+

Top non-repeatable levels by time:
     D:1: 1348 daAuts
     D:2: 627 daAuts
     D:3: 203 daAuts
